 Dungeon Crawl Stone Soup version 0.18-a0-1354-gbc5753f (webtiles) character file.

61 gorblad the Slasher (level 3, -1/26 HPs)
             Began as a High Elf Gladiator on Feb 20, 2016.
             Slain by a gnoll
             ... wielding a +0 halberd
              (4 damage)
             ... on level 2 of the Dungeon.
             The game lasted 00:02:22 (1518 turns).

gorblad the Slasher (High Elf Gladiator)            Turns: 1518, Time: 00:02:22

Health: -1/26      AC:  9    Str: 14    XL:     3   Next: 83%
Magic:  4/4        EV:  7    Int: 12    God:
Gold:   123        SH:  0    Dex: 16    Spells: 0 memorised, 2 levels left

rFire  . . .     SeeInvis .     a - +1 long sword
rCold  . . .     Gourm    .     i - +0 chain mail
rNeg   . . .     Faith    .     (no shield)
rPois  .         Spirit   .     c - +0 helmet
rElec  .         Dismiss  .     (no cloak)
rCorr  .         Reflect  .     (no gloves)
SustAt .         Harm     .     (no boots)
MR     .....                    (no amulet)
Stlth  ..........               (no ring)
                                (no ring)

@: not resistant to hostile enchantments, extremely unstealthy
A: no striking features
a: no special abilities


You were on level 2 of the Dungeon.
You were not hungry.

You visited 1 branch of the dungeon, and saw 2 of its levels.

You collected 123 gold pieces.

Inventory:

Hand Weapons
 a - a +1 long sword (weapon)
Missiles
 d - 3 throwing nets (quivered)
Armour
 b - a +0 leather armour
 c - a +0 helmet (worn)
 i - a +0 chain mail (worn)
Jewellery
 o - an uncursed ring of resist corrosion {unknown}
Scrolls
 g - a scroll of immolation {unknown}
 n - a scroll of fear {unknown}
Potions
 e - a potion of agility
 h - a potion of cancellation
 j - a potion of haste {unknown}
 k - a potion of might {unknown}
 l - a potion of magic {unknown}
Comestibles
 f - 2 bread rations
 m - a chunk of flesh


   Skills:
 * Level 3.1 Fighting
 + Level 4.1 Long Blades
 - Level 2.0 Throwing
 + Level 3.7 Dodging
 + Level 1.7 Stealth


You had 2 spell levels left.
You didn't know any spells.

Dungeon Overview and Level Annotations

Branches:
Dungeon (2/15)

Altars:
Elyvilon
Gozag
Ru


Message History

The gnoll hits you from afar with a halberd!
* * * LOW HITPOINT WARNING * * *
You are too injured to fight recklessly!
You are too injured to fight recklessly!
You are too injured to fight recklessly!
You are too injured to fight recklessly!
You are too injured to fight recklessly!
You are too injured to fight recklessly!
You are too injured to fight recklessly!
Drink which item? (? for menu, Esc to quit)
It was a potion of agility.
You feel agile all of a sudden. The rat closely misses you.
Drink which item? (? for menu, Esc to quit)
It was a potion of cancellation.
Your magical effects are unravelling.
You feel magically purged.
You feel a little less agile now.
The gnoll hits you from afar with a halberd.
You die...

#.# ######.#..........
#.# #.........#####...
#.# #.##...#......#.##
##.###.##.#.....##.#..#
##......##.#.##.... ....
##......##.#......####..
_#.....$##.######.####.#
##............###.##....
#....)@##........##....
#....r)##....##......_.
#.....g##....###..#....
........##....# #..#....
........####### #..###.#
........# #......#
..?.##### #....... ....
####.... #.#..


You could see a gnoll and a rat.

Vanquished Creatures
  2 gnolls (D:2)
  An adder (D:2)
  An ooze (D:1)
  2 worms (D:2)
  A giant gecko (D:1)
  A goblin (D:1)
  5 hobgoblins
  4 kobolds
  2 bats
  2 giant newts
  4 rats
25 creatures vanquished.

Notes
Turn   | Place    | Note
--------------------------------------------------------------
     0 | D:1      | gorblad the High Elf Gladiator began the quest for the Orb.
     0 | D:1      | Reached XP level 1. HP: 14/14 MP: 2/2
   135 | D:1      | Reached XP level 2. HP: 12/20 MP: 3/3
   783 | D:1      | Reached skill level 1 in Stealth
  1313 | D:2      | Found a sacrificial altar of Ru.
  1353 | D:2      | Reached XP level 3. HP: 21/25 MP: 4/4
  1359 | D:2      | Found an opulent altar of Gozag.
  1432 | D:2      | Reached skill level 4 in Long Blades
  1509 | D:2      | Found a white marble altar of Elyvilon.
  1518 | D:2      | Slain by a gnoll

Vault maps used:
D:1:      minmay_arrival_widening_spiral_wide
D:2:      lemuel_blue_sif_altar, grunt_pakellas_salt,
          nicolae_ru_the_path_less_chosen, nicolae_overflow_hidden_temple,
          nicolae_overflow_crystal_walls, uniq_jessica

Action                   || total
-------------------------++-------
Melee: Long sword        ||    67
  Use: Scroll            ||     1
       Potion            ||     2
  Eat: Chunk             ||     2
